AoeStats
← David

Oasis

510166247Analyzed
2v2 RM · 3d ago on Sep 29, 2026· 81m 29s· 4 players
Game mode
Random Map
Map size
Medium (4 player)
Population
200
Speed
Normal
Resources
Standard
Victory
Conquest
Starting age
Dark Age
Ending age
Imperial Age
RankedLock teamsTeams togetherTeam positionsShared explorationLock speedFull tech treeHidden civsTurbo modeCheats
Victory
Defeat
🇲🇽 Vietnamese · Mexico
851
+11
🇷🇺 Malay · Russia
706
+17
🇷🇴 Spanish · Romania
744
-14
🇷🇴 Japanese · Romania
741
-14
David
4:25 Loom
9:41 Feudal Age
15:06 Castle Age
17:32 Double-Bit Axe
24:40 Man-at-Arms
26:32 Murder Holes
27:04 Long Swordsman
29:44 Wheelbarrow
30:05 Scale Mail Armor
29:59 Fletching
31:29 Squires
32:33 Pikeman
38:15 Imperial Age
36:06 Bodkin Arrow
37:11 Forging
37:07 Gold Mining
37:18 Town Watch
38:07 Ballistics
38:35 Hand Cart
39:51 Bow Saw
46:57 Halberdier
48:01 Conscription
47:47 Bracer
48:03 Chain Mail Armor
48:24 Iron Casting
49:02 Two-Man Saw
49:06 Horse Collar
49:24 Two-Handed Swordsman
49:50 Gambesons
50:00 Champion
53:27 Heavy Plow
55:12 Kataparuto
55:38 Gambesons
56:06 Elite Samurai
60:56 Chemistry
60:32 Masonry
61:22 Plate Mail Armor
61:53 Blast Furnace
75:23 Hoardings
74:53 Padded Archer Armor
75:15 Siege Engineers
Naxeete
6:09 Loom
11:58 Feudal Age
16:43 Castle Age
16:16 Double-Bit Axe
20:18 Town Watch
23:12 Bow Saw
24:09 Wheelbarrow
24:50 Caravan
24:40 Horse Collar
26:10 Town Patrol
26:43 Gold Mining
29:11 Hand Cart
30:11 Murder Holes
30:29 Masonry
31:34 Stone Mining
33:13 Fletching
33:29 Padded Archer Armor
33:35 Scale Barding Armor
35:35 Bodkin Arrow
35:58 Leather Archer Armor
36:04 Chain Barding Armor
35:56 Forging
35:56 Heavy Plow
37:26 Ballistics
39:48 Imperial Age
40:16 Coinage
41:49 Hoardings
48:38 Elite Conquistador
48:44 Elite Conquistador
56:49 Bracer
57:05 Leather Archer Armor
57:11 Chain Barding Armor
57:02 Forging
56:52 Scale Mail Armor
76:00 Iron Casting
75:41 Chain Mail Armor
76:01 Plate Barding Armor
75:57 Ring Archer Armor
76:53 Chemistry
76:25 Architecture
80:19 Bombard Tower
80:14 Arrowslits
81:05 Guilds
Punisherdada
3:14 Loom
10:46 Feudal Age
17:20 Castle Age
16:48 Wheelbarrow
16:05 Double-Bit Axe
16:03 Horse Collar
17:43 Wheelbarrow
19:00 Hand Cart
18:31 Town Watch
20:23 Heavy Plow
24:25 Bow Saw
26:56 Gold Mining
27:00 Stone Mining
29:06 Fletching
29:27 Forging
29:23 Scale Barding Armor
30:11 Bodkin Arrow
30:40 Elite Skirmisher
32:01 Iron Casting
31:47 Chain Barding Armor
32:29 Husbandry
37:44 Imperial Age
35:30 Town Patrol
38:20 Ballistics
38:28 Bracer
39:04 Plate Barding Armor
37:55 Capped Ram
39:19 Chatras
39:31 Chatras
45:04 Elite Battle Elephant
54:44 Elite Rattan Archer
56:32 Chemistry
58:23 Imperial Skirmisher
59:26 Cavalier
RESPECT
4:01 Loom
17:29 Feudal Age
17:42 Double-Bit Axe
35:02 Gold Mining
36:11 Stone Mining
39:04 Fletching
39:15 Padded Archer Armor
45:15 Castle Age
47:57 Elite Skirmisher
49:41 Thumb Ring
49:36 Bodkin Arrow
49:57 Leather Archer Armor
50:09 Horse Collar
53:03 Imperial Age
51:52 Ballistics
53:29 Chemistry
52:37 Bracer
53:08 Ring Archer Armor
53:42 Imperial Skirmisher
57:30 Wheelbarrow
56:58 Heavy Plow
57:13 Bow Saw
57:23 Masonry
57:12 Murder Holes
59:20 Treadmill Crane
59:45 Siege Engineers
60:40 Hand Cart
60:58 Crop Rotation
63:32 Squires
62:54 Pikeman
63:21 Arson
63:53 Halberdier
67:35 Man-at-Arms
69:18 Long Swordsman
70:35 Forging
72:42 Two-Handed Swordsman
75:25 Conscription
75:56 Forced Levy
Connection lost

Rejoining the realm…

Still unreachable

The connection could not be restored.

Session expired

The server has moved on; the page needs a fresh start.